 Dungeon Crawl Stone Soup version 0.29-a0-323-g050149af67 (webtiles) character file.

Game seed: 9833647892952814470

7819 Morbidden the Destroyer (level 11, -4/80 HPs)
             Began as a Demonspawn Conjurer on Apr 11, 2022.
             Was a Priest of Cheibriados.
             Slain by a four-headed hydra (9 damage)
             ... on level 1 of the Lair of Beasts.
             The game lasted 00:16:47 (12334 turns).

Morbidden the Destroyer (Demonspawn Conjurer)      Turns: 12334, Time: 00:16:47

Health: -4/80      AC:  8    Str: 14    XL:     11   Next: 1%
Magic:  21/21      EV: 13    Int: 30    God:    Cheibriados [***...]
Gold:   374        SH:  0    Dex: 20    Spells: 10/24 levels left

rFire   + . .      SeeInvis .   a - +3 dagger (drain)
rCold   . . .      Faith    .   (no shield)
rNeg    . . .      Spirit   .   J - +0 ring mail {rF+}
rPois   .          Reflect  .   (helmet restricted)
rElec   .          Harm     .   (no cloak)
rCorr   .          Rampage  .   C - +2 pair of gloves
Will    ++...                   (no boots)
Stlth   ++........              (no amulet)
HPRegen 0.23/turn               f - ring of willpower
MPRegen 0.17/turn               r - ring of willpower

@: very slow
A: hooves 2, horns 2, spiny 3
a: Renounce Religion, Bend Time, Temporal Distortion


You were on level 1 of the Lair of Beasts.
You worshipped Cheibriados.
Cheibriados was most pleased with you.
You visited 3 branches of the dungeon, and saw 11 of its levels.

You collected 374 gold pieces.

Inventory:

Hand Weapons
 a - a +3 dagger of draining (weapon)
 k - a +0 vorpal long sword
 v - the +5 long sword "Istuf" {drain, rF+ Int+3 Stlth-}
   (You found it on level 4 of the Dungeon)

   A truly terrible weapon, it drains the life of any living foe it strikes.
   Int:       It affects your intelligence (+3).
   rF:        It protects you from fire.
   Stlth:     It makes you less stealthy.
Missiles
 z - 11 javelins (quivered)
 I - 7 poisoned darts
Armour
 i - an orb of light
 m - the +2 crystal plate armour of Negligence {rPois rC+ rCorr}
   (You acquired it on level 1 of the Lair of Beasts)

   rC:        It protects you from cold.
   rPois:     It protects you from poison.
   rCorr:     It protects you from acid and corrosion.
 n - a +0 plate armour
 C - a +2 pair of gloves (worn)
 J - a +0 ring mail of fire resistance (worn)
Jewellery
 f - a ring of willpower (left hand)
 r - a ring of willpower (right hand)
Wands
 l - a wand of iceblast (5)
 D - a wand of flame (10)
Scrolls
 d - 2 scrolls of identify
 e - 5 scrolls of teleportation
 j - 2 scrolls of fear
 w - a scroll of noise
 x - a scroll of brand weapon
 y - 2 scrolls of amnesia
 A - 3 scrolls of immolation
Potions
 b - a potion of magic
 c - 2 potions of brilliance
 g - 5 potions of lignification
 h - a potion of haste
 o - a potion of ambrosia
 s - a potion of heal wounds
 u - 3 potions of curing
 B - a potion of flight
 E - a potion of attraction {unknown}
 F - a potion of degeneration {unknown}


   Skills:
 * Level 5.2 Fighting
 + Level 0.6(1.8) Short Blades
 + Level 2.6(2.7) Long Blades
 + Level 1.3 Throwing
 + Level 2.1 Armour
 * Level 5.1 Dodging
 + Level 3.5 Stealth
 * Level 4.9 Unarmed Combat
 * Level 7.1 Spellcasting
 * Level 8.7 Conjurations
 * Level 4.0 Translocations
 * Level 2.1 Transmutations
 * Level 2.7 Air Magic
 * Level 4.7 Invocations
 + Level 1.0 Evocations


You had 10 spell levels left.
You knew the following spells:

 Your Spells              Type           Power      Damage    Failure   Level
a - Magic Dart            Conj           100%       1d8       1%          1
b - Searing Ray           Conj           100%       2d8       1%          2
d - Storm Form            Tmut/Air       12%        N/A       100%        7
z - Iskenderun's Mystic   Conj/Tloc      48%        2d11      7%          4

Your spell library contained the following spells:

 Spells                   Type           Power      Damage    Failure   Level
 Apportation              Tloc           70%        N/A       1%          1
 Dazzling Flash           Conj/Hex       72%        N/A       4%          3
 Sting                    Tmut/Pois      68%        1d6       6%          1
 Poisonous Vapours        Pois/Air       36%        N/A       9%          2
 Animate Skeleton         Necr           20%        N/A       10%         1
 Summon Small Mammal      Summ           40%        N/A       10%         1
 Fulminant Prism          Conj/Hex       18%        3d11      16%         4
 Call Canine Familiar     Summ           10%        N/A       28%         3
 Summon Guardian Golem    Hex/Summ       10%        N/A       28%         3
 Summon Lightning Spire   Summ/Air       18%        N/A       47%         4
 Olgreb's Toxic Radiance  Pois           10%        N/A       67%         4
 Summon Forest            Summ/Tloc      11%        N/A       75%         5
 Summon Mana Viper        Hex/Summ       10%        N/A       95%         5
 Summon Cactus Giant      Summ           5%         N/A       100%        6
 Maxwell's Capacitive Co  Air            13%        ∞         100%        8


Dungeon Overview and Level Annotations

Branches:
Dungeon (9/15)             Temple (1/1) D:6            Lair (1/6) D:9
    Orc: D:9-12

Altars:
Ashenzari
Cheibriados
Dithmenos
Elyvilon
Fedhas
Gozag
Hepliaklqana
Kikubaaqudgha
Makhleb
Nemelex Xobeh
Okawaru
Qazlal
Ru
Sif Muna
Trog
Uskayaw
Vehumet
Wu Jian
Xom
Yredelemnul
Zin
The Shining One

Shops:
D:3 :

Annotations:
D:5 2 transporters, hemabe71's ghost, novice HuAr


Innate Abilities, Weirdness & Mutations

You have hoof-like feet.
You have a pair of horns on your head.
You are completely covered in sharp spines.


Message History

The four-headed hydra bites you!
The four-headed hydra barely misses you.
The four-headed hydra bites you but does no damage.
The four-headed hydra barely misses you.
Unknown command.
Unknown command.
You feel much better.
The four-headed hydra is struck by your spines.
The four-headed hydra barely misses you.
The four-headed hydra bites you.
The four-headed hydra completely misses you.
The four-headed hydra bites you but does no damage.
Unknown command.
Unknown command.
You hit the four-headed hydra. Your kick misses the four-headed hydra.
The four-headed hydra is almost dead.
The four-headed hydra bites you!
The four-headed hydra closely misses you. x2
The four-headed hydra bites you!
* * * LOW HITPOINT WARNING * * *
Unknown command.
Unknown command.
Throw: 12 javelins
Press: ? - help, Q - select action, (/) - cycle Shift-Dir - straight line, f/p - four-headed hydra
Aim: a four-headed hydra (almost dead, 81% to hit)
You throw a javelin.
The javelin pierces through the four-headed hydra.
The four-headed hydra is almost dead.
The javelin barely misses the yak.
The javelin pierces through the yak!
The yak is moderately wounded.
The javelin pierces through the yak.
The yak is moderately wounded.
The four-headed hydra bites you but does no damage.
The four-headed hydra bites you.
* * * LOW HITPOINT WARNING * * *
The four-headed hydra bites you!
* * * LOW HITPOINT WARNING * * *
The four-headed hydra bites you!
You die...

.......[....# *,******** **,*
#########..## *,* *,* # #### *,**
*,, #### **,,* *,* ...# ### *,,**
*,* .#.####.##
**,,**************,, .....###.##
*,,,,,,,,*,*,,*,*,*
........#.###########.#.,,,,,,,,*
.....#.###......@DYYY..(*********
.#.#....#.####.###Y##.#.*
.P.#####.## ### **#*,*** ...# ###
*,* ...## *,** ....## *,,* .....#
*,** .....#* *** *,*
...P..#*****,** *,*


You could see a four-headed hydra and 4 yaks.

Vanquished Creatures
  A deep elf pyromancer (D:9)
  2 cane toads (Lair:1)
  3 komodo dragons (Lair:1)
  A troll (D:8)
  A polar bear (Lair:1)
  2 hornets
  Prince Ribbit (D:6)
  3 wyverns
  5 yaks (Lair:1)
  5 water moccasins
  4 sky beasts
  2 ice beasts (D:7)
  4 ogres
  2 phantoms
  A kobold brigand (D:8)
  5 bullfrogs
  Blork the orc (D:6)
  12 wights (D:7)
  2 howler monkeys (D:9)
  7 jellies
  2 gnoll shamans
  2 orc priests
  5 hounds
  4 iguanas
  Jessica (D:2)
  5 orc wizards
  6 hell rats (Lair:1)
  3 adders
  10 gnolls
  3 river rats (D:9)
  A shadow imp (D:6)
  A white imp (D:5)
  8 dart slugs
  25 orcs
  7 ball pythons
  10 endoplasms
  6 giant cockroaches
  6 goblins
  6 hobgoblins
  8 quokkas
  6 bats
  3 frilled lizards
  12 kobolds
  5 rats
209 creatures vanquished.

Vanquished Creatures (others)
  10 fungi (Lair:1)
  14 plants
24 creatures vanquished.

Grand Total: 233 creatures vanquished

Notes
Turn   | Place    | Note
-------+----------+-------------------------------------------
     0 | D:1      | Morbidden the Demonspawn Conjurer began the quest for the
                  | Orb.
     0 | D:1      | Reached XP level 1. HP: 13/13 MP: 3/3
   226 | D:1      | Discovered your monstrous ancestry.
   226 | D:1      | Gained mutation: You have a pair of small horns on your
                  | head. [demonic ancestry]
   226 | D:1      | Reached XP level 2. HP: 20/20 MP: 1/5
   977 | D:1      | Reached XP level 3. HP: 22/25 MP: 0/6
  1524 | D:2      | Learned a level 2 spell: Searing Ray
  1590 | D:2      | Noticed Jessica
  1596 | D:2      | Killed Jessica
  1597 | D:2      | Reached skill level 1 in Fighting
  1597 | D:2      | Reached XP level 4. HP: 25/32 MP: 0/7
  1925 | D:2      | Reached skill level 5 in Conjurations
  2106 | D:2      | Found a faded altar of an unknown god.
  2181 | D:2      | You fall into a shaft and drop 1 floor!
  2259 | D:3      | Found Cilasi Asin's Book Shoppe.
  3670 | D:4      | Noticed an ogre
  3673 | D:4      | Killed an ogre
  3674 | D:4      | Reached skill level 1 in Unarmed Combat
  3674 | D:4      | Gained mutation: You are partially covered in sharp spines.
                  | [demonic ancestry]
  3674 | D:4      | Reached XP level 5. HP: 37/37 MP: 7/9
  3683 | D:4      | Noticed a sky beast
  3688 | D:4      | Killed a sky beast
  3689 | D:4      | Gained mutation: You have large cloven feet. [demonic
                  | ancestry]
  3689 | D:4      | Reached XP level 6. HP: 44/44 MP: 4/11
  4025 | D:4      | Identified the +5 long sword "Istuf" {drain, rF+ Int+3
                  | Stlth-}
  4227 | D:4      | Gained mutation: You are mostly covered in sharp spines.
                  | [demonic ancestry]
  4227 | D:4      | Reached XP level 7. HP: 50/50 MP: 6/12
  4431 | D:5      | Entered Level 5 of the Dungeon
  4441 | D:5      | Reached skill level 6 in Conjurations
  4845 | D:5      | Noticed a wyvern
  4848 | D:5      | Killed a wyvern
  5116 | D:5      | Gained mutation: You have hoof-like feet. [demonic
                  | ancestry]
  5116 | D:5      | Reached XP level 8. HP: 39/57 MP: 1/15
  5389 | D:5      | Reached skill level 5 in Spellcasting
  5642 | D:5      | Learned a level 4 spell: Iskenderun's Mystic Blast
  5889 | D:5      | Found an opulent altar of Gozag.
  5904 | D:5      | Found a transporter.
  5904 | D:5      | Found a transporter.
  5904 | D:5      | Noticed hemabe71's ghost (novice HuAr)
  6262 | D:6      | Noticed Prince Ribbit
  6271 | D:6      | Killed Prince Ribbit
  6272 | D:6      | Reached skill level 1 in Long Blades
  6272 | D:6      | Reached skill level 7 in Conjurations
  6272 | D:6      | Reached skill level 1 in Translocations
  6394 | D:6      | Found a staircase to the Ecumenical Temple.
  6410 | Temple   | Entered the Ecumenical Temple
  6704 | Temple   | Became a worshipper of Cheibriados the Contemplative
  6831 | D:6      | Noticed Blork the orc
  6838 | D:6      | Killed Blork the orc
  6949 | D:6      | Reached XP level 9. HP: 65/65 MP: 10/17
  7376 | D:7      | Paralysed by a hornet for 3 turns
  7381 | D:7      | Reached skill level 1 in Invocations
  7381 | D:7      | Reached skill level 1 in Evocations
  7815 | D:7      | Reached skill level 1 in Throwing
  8138 | D:7      | Reached * piety under Cheibriados
  8139 | D:7      | Reached skill level 8 in Conjurations
  8342 | D:7      | Learned a level 7 spell: Storm Form
  9152 | D:8      | Noticed a troll
  9163 | D:8      | Killed a troll
  9657 | D:8      | Gained mutation: You are completely covered in sharp
                  | spines. [demonic ancestry]
  9657 | D:8      | Reached XP level 10. HP: 63/72 MP: 16/20
  9765 | D:9      | Noticed a deep elf pyromancer
  9772 | D:9      | Killed a deep elf pyromancer
  9773 | D:9      | Reached skill level 1 in Transmutations
  9781 | D:9      | Reached ** piety under Cheibriados
  9841 | D:9      | Reached skill level 1 in Air Magic
 10292 | D:9      | Noticed a death yak
 10292 | D:9      | Noticed a death yak
 10294 | D:9      | Noticed a death yak
 10312 | D:9      | Found a staircase to the Lair.
 10357 | Lair:1   | Entered Level 1 of the Lair of Beasts
 10479 | Lair:1   | Reached skill level 1 in Armour
 10597 | Lair:1   | Noticed a five-headed hydra
 10681 | Lair:1   | Reached *** piety under Cheibriados
 11409 | Lair:1   | Reached skill level 5 in Fighting
 11528 | Lair:1   | Reached skill level 5 in Dodging
 11685 | Lair:1   | Noticed a cane toad
 11694 | Lair:1   | Killed a cane toad
 11717 | Lair:1   | Noticed a cane toad
 11723 | Lair:1   | Killed a cane toad
 12020 | Lair:1   | Gained mutation: You have a pair of horns on your head.
                  | [demonic ancestry]
 12020 | Lair:1   | Reached XP level 11. HP: 23/80 MP: 6/21
 12284 | Lair:1   | Identified the +0 ring mail of Privacy {Harm rElec Regen+
                  | Int-2}
 12323 | Lair:1   | Noticed a four-headed hydra
 12324 | Lair:1   | Identified a scroll of acquirement
 12324 | Lair:1   | Acquired the +2 crystal plate armour of Negligence {rPois
                  | rC+ rCorr}
 12334 | Lair:1   | Slain by a four-headed hydra

Illustrated notes

Levels and vault maps discovered:
D:1:      dpeg_chamrin_arrival_tetris, layout_basic
D:2:      minmay_kobold_bridge, layout_basic, hellmonk_ecumenical_altar_run_dry,
          minmay_misc_feat_hallway, st_stairs_9, chequers_serial_rivers_room_b,
          uniq_jessica
D:3:      layout_loops_corners, serial_shops, nicolae_square_shop,
          nrook_mini_backslash
D:4:      layout_cave_pools
D:5:      minmay_spotlight, layout_basic, mainiacjoe_overflow_chevrons,
          gammafunk_ghost_hive, minmay_misc_feat_tower, st_stairs_3
D:6:      layout_cave_pools, minmay_temple_entry_offerings, minmay_fountain_box,
          uniq_prince_ribbit1, uniq_blork_the_orc
D:7:      layout_basic, chequers_garden, corexii_leaking_fountain
D:8:      layout_loops_cross
D:9:      layout_gridville, dpeg_lair_monsters, moated_statue,
          corexii_corridor_pit, grunt_ministairs_8,
          hangedman_abyss_or_decor_lesser_grid
Temple:   mainiacjoe_temple_hex_bubbles
Lair:1:   layout_loops_ring

Skill      XL: |  1  2  3  4  5  6  7  8  9 10 |
---------------+-------------------------------+-----
Stealth        | 2 3 |  3.5
Fighting       | 1 2 4 5 |  5.2
Conjurations   | 5 6 7 8 |  8.7
Dodging        | 2 3 4 5 |  5.1
Unarmed Combat | 1 2 3 4 |  4.9
Spellcasting   | 3 4 5 6 7 |  7.1
Long Blades    | 1 2 |  2.6
Translocations | 1 3 4 |  4.0
Invocations    | 3 4 |  4.7
Evocations     | 1 |  1.0
Throwing       | 1 |  1.3
Transmutations | 2 |  2.1
Air Magic      | 2 |  2.7
Armour         | 2 |  2.1
Short Blades   | |  0.6

Action                   |  1- 3 |  4- 6 |  7- 9 | 10-12 || total
-------------------------+-------+-------+-------+-------++-------
Melee: Unarmed           |     9 |       |       |       ||     9
       Headbutt          |     2 |     2 |     2 |    20 ||    26
       Dagger            |       |    27 |       |     2 ||    29
       Long sword        |       |     3 |    32 |    53 ||    88
       Kick              |       |     2 |     4 |    21 ||    27
Throw: Javelin           |       |       |     4 |     7 ||    11
 Cast: Magic Dart        |    70 |    73 |    91 |    45 ||   279
       Searing Ray       |       |     5 |    44 |    14 ||    63
       Iskenderun's Myst |       |       |    10 |    10 ||    20
Evoke: Wand              |       |     5 |     9 |     2 ||    16
  Use: Scroll            |       |       |     7 |    12 ||    19
       Potion            |       |       |     3 |     2 ||     5
Armor: Robe              |     5 |    13 |    10 |       ||    28
       Skin              |       |       |    17 |       ||    17
       Ring mail         |       |       |     1 |    22 ||    23
Dodge: Dodged            |    16 |    14 |    52 |    49 ||   131

Table legend: (Time is in decaauts)
 A = Elapsed time spent in this place.
 B = Non-inter-level travel time spent in this place.
 C = Inter-level travel time spent in this place.
 D = Time resting spent in this place.
 E = Time spent auto-exploring this place.
 F = Levels seen in this place.
 G = Mean time per level.
                   A        B        C        D        E       F      G
               +--------+--------+--------+--------+--------+-----+--------+
         Total |  13216 |  12884 |    332 |   2516 |   8920 |  11 | 1201.5 |
       Dungeon |  10699 |  10432 |    267 |   1342 |   7885 |   9 | 1188.8 |
        Temple |    328 |    264 |     64 |      0 |    245 |   1 |  328.0 |
          Lair |   2188 |   2188 |      0 |   1174 |    790 |   1 | 2188.0 |
               +--------+--------+--------+--------+--------+-----+--------+

Top non-repeatable levels by time:
  Lair:1: 2188 daAuts
     D:7: 1977 daAuts
     D:5: 1832 daAuts
     D:1: 1343 daAuts
     D:8: 1297 daAuts
     D:3: 1180 daAuts
     D:2: 1012 daAuts
     D:4: 906 daAuts
     D:6: 834 daAuts
  Temple: 328 daAuts
     D:9: 315 daAuts
